 Dungeon Crawl Stone Soup version 0.21.1-1-g345015fe64 (webtiles) character file.

13085 Gargoyl the Protected (level 11, -6/92 HPs)
             Began as a Centaur Abyssal Knight on June 5, 2018.
             Was a Priest of Lugonu.
             Killed from afar by a gargoyle (17 damage)
             ... with a stone arrow
             ... on level 12 of the Dungeon on June 6, 2018.
             The game lasted 00:28:25 (16527 turns).

Gargoyl the Protected (Centaur Abyssal Knight)     Turns: 16527, Time: 00:28:26

Health: -6/92      AC: 17    Str: 17    XL:     11   Next: 71%
Magic:  5/17       EV:  2    Int: 11    God:    Lugonu [***...]
Gold:   461        SH:  8    Dex: 10    Spells: 10/10 levels left

rFire    . . .     SeeInvis .   z - +2 hand axe (elec)
rCold    . . .     Gourm    .   q - +0 shield
rNeg     . . .     Faith    .   l - +0 plate armour
rPois    +         Spirit   .   (no helmet)
rElec    .         Reflect  .   k - +2 cloak
rCorr    +         Harm     .   d - +0 pair of gloves
MR       .....                  (no barding)
Stlth    ..........             i - amulet of rage
HPRegen  0.25/turn              D - ring of poison resistance
MPRegen  0.15/turn              y - ring of resist corrosion

@: very quick
A: large, hooves 3, deformed body, speed 2, tough skin 3
a: Depart the Abyss, Bend Space, Banish, Renounce Religion, Evoke Berserk Rage


You were on level 12 of the Dungeon.
You worshipped Lugonu.
Lugonu was most pleased with you.
You were hungry.

You visited 1 branch of the dungeon, and saw 12 of its levels.
You visited the Abyss 1 time.

You collected 461 gold pieces.

Inventory:

Hand Weapons
 a - a +2 hand axe
 z - a +2 hand axe of electrocution (weapon)
Missiles
 r - 9 javelins of penetration (quivered)
Armour
 d - a +0 pair of gloves (worn)
 e - a scarf of cloud immunity
 j - a +2 helmet of see invisible
 k - a +2 cloak (worn)
 l - a +0 plate armour (worn)
 q - a +0 shield (worn)
 I - a +2 helmet
Jewellery
 b - an uncursed ring of flight
 i - an amulet of rage (around neck)
 y - a ring of resist corrosion (right hand)
 D - a ring of poison resistance (left hand)
Wands
 n - a wand of paralysis (16)
 s - a wand of polymorph (2)
 w - a wand of flame (30)
 x - a wand of iceblast (7)
 A - a wand of disintegration (9)
 B - a wand of clouds (6)
Scrolls
 f - 4 scrolls of remove curse
 g - 2 scrolls of fog
 h - 5 scrolls of identify
 o - a scroll of teleportation
 p - 3 scrolls of blinking
 u - a scroll of magic mapping
Potions
 m - 5 potions of flight
 t - 2 potions of cancellation
 v - a potion of magic
 E - a potion of ambrosia
 F - a potion of brilliance
 G - a potion of heal wounds
 H - a potion of mutation {unknown}
Books
 C - a Young Poisoner's Handbook

   Spells                             Type                      Level
   a - Sting                          Conjuration/Poison           1
   b - Poisonous Vapours              Poison/Air                   2
   c - Mephitic Cloud                 Conjuration/Poison/Air       3
   d - Olgreb's Toxic Radiance        Poison                       4
   e - Venom Bolt                     Conjuration/Poison           5
Comestibles
 c - 8 rations


   Skills:
 + Level 7.2 Fighting
 + Level 9.1 Axes
 + Level 2.2 Throwing
 * Level 9.2 Armour
 + Level 2.0 Dodging
 + Level 2.0 Shields
 * Level 9.0 Invocations
 + Level 1.2 Evocations


You had 10 spell levels left.
You didn't know any spells.

Dungeon Overview and Level Annotations

Branches:
Dungeon (12/15)            Temple (0/1) D:7            Lair (0/6) D:8
    Orc (0/2) D:10

Altars:
Ashenzari
Dithmenos
Qazlal
Ru
Trog
Xom

Shops:
D:9 *[!=}

Annotations:
Abyss:1 Fannar, Maurice, Urug


Innate Abilities, Weirdness & Mutations

You have hooves in place of feet.
Armour fits poorly on your strangely shaped body.
You cover ground very quickly.
You have extremely tough skin. (AC +3)


Message History

The deep elf mage struggles to resist.
You feel somewhat more hungry. The deep elf mage casts a spell at you.
The magic dart hits you!
* * * LOW HITPOINT WARNING * * *
The battlesphere fires!
The barrage of energy hits you!
* * * LOW HITPOINT WARNING * * *
Unknown command.
Press: ? - help, Shift-Dir - straight line, f/p - deep elf mage
Aim: a deep elf mage, wielding a dagger and wearing a chain mail (almost dead, chance to defeat MR: 73%)
The deep elf mage struggles to resist.
You are feeling hungry.
The deep elf mage points at you and mumbles some strange words.
The magic dart hits you!
The battlesphere fires!
The barrage of energy hits you!
Press: ? - help, Shift-Dir - straight line, f/p - deep elf mage
Aim: a deep elf mage, wielding a dagger and wearing a chain mail (almost dead, chance to defeat MR: 73%)
The deep elf mage struggles to resist.
You feel somewhat more hungry.
The gargoyle hurls a stone arrow at you.
The stone arrow hits you!
You die...

#. ....# #.... ... ...#
#...# #.####..# #...#
#.##....### #...#
...#......# #9..#
...#......######...#######
.....###.................#.
.#.#†# #.............#.....
.#.#.###........@........#
.#.#......####.#e..#.#####
...#......# #.#...#.#
#######.### #.#..*#.# #.#
#.#...#.# #.# #.#...#.# #.#
#.......# #.# ####.#### ...
###.##


You could see a deep elf mage, a gargoyle and a battlesphere.

Vanquished Creatures
  A two-headed ogre (D:11)
  An unseen horror (D:11)
  Pikel (D:9)
  2 manticores (D:11)
  3 cyclopes
  Joseph (D:9)
  A centaur skeleton (D:11)
  A troll (D:9)
  Grinder (D:6)
  Prince Ribbit (D:9)
  2 hippogriffs
  Sigmund (D:3)
  2 hungry ghosts
  An acid dragon (D:11)
  A water moccasin (D:9)
  3 phantoms
  2 sky beasts
  A necrophage (D:8)
  2 orc warriors (D:10)
  An ice beast (D:6)
  7 ogres
  5 centaurs
  5 bullfrogs
  A gnoll sergeant (D:9)
  A wyvern zombie (D:6)
  2 scorpions
  A howler monkey (D:7)
  8 wights
  A centaur zombie (D:10)
  9 crimson imps
  7 hounds
  4 jellies
  2 orc priests
  8 orc wizards
  An iguana (D:4)
  8 worker ants
  A hound zombie (D:7)
  A hound skeleton (D:4)
  7 gnolls
  15 adders
  A shadow imp (D:5)
  8 oozes
  5 worms
  2 dart slugs
  2 leopard geckos
  40 orcs
  3 ball pythons
  3 giant cockroaches
  7 hobgoblins
  15 jackals
  5 kobolds
  5 quokkas
  8 bats
  7 frilled lizards
  5 goblins
  2 leopard gecko skeletons
  2 leopard gecko zombies
  5 rats
248 creatures vanquished.

Vanquished Creatures (others)
  2 two-headed ogres
  The ghost of jepsan the Cleaver, a novice MiGl of Makhleb (D:7)
  The ghost of Fymir27 the Covert, a novice DEWz of Sif Muna (D:9)
  An ugly thing (D:11)
  A hornet (D:8)
  An orc warrior (D:10)
  A sky beast (D:7)
8 creatures vanquished.

Grand Total: 256 creatures vanquished

Notes
Turn   | Place    | Note
-------+----------+-------------------------------------------
     0 | Abyss:1  | Gargoyl the Centaur Abyssal Knight began the quest for the Orb.
     0 | Abyss:1  | Reached XP level 1. HP: 19/19 MP: 2/2
    29 | Abyss:1  | Noticed a small abomination
    37 | D:1      | Escaped the Abyss
   274 | D:1      | Reached XP level 2. HP: 26/26 MP: 3/3
   560 | D:1      | Reached * piety under Lugonu
   740 | D:2      | Reached XP level 3. HP: 20/31 MP: 4/4
   890 | D:2      | Reached skill level 1 in Dodging
   968 | D:2      | Reached XP level 4. HP: 23/38 MP: 5/5
  1668 | D:2      | Reached XP level 5. HP: 25/45 MP: 7/7
  2263 | D:3      | Found a stormy altar of Qazlal.
  2287 | D:3      | Reached ** piety under Lugonu
  2381 | D:3      | Noticed Sigmund
  2409 | D:3      | Killed Sigmund
  2409 | D:3      | Reached XP level 6. HP: 24/52 MP: 8/8
  3439 | D:4      | Reached XP level 7. HP: 35/58 MP: 9/9
  4027 | D:4      | Found a shimmering altar of Xom.
  4200 | D:4      | Found a shadowy altar of Dithmenos.
  4657 | D:5      | Entered Level 5 of the Dungeon
  4912 | D:5      | Reached XP level 8. HP: 54/66 MP: 11/11
  5242 | D:5      | Reached *** piety under Lugonu
  5289 | D:5      | Reached skill level 5 in Axes
  5948 | D:6      | Reached skill level 5 in Armour
  6106 | D:6      | Noticed Prince Ribbit
  6351 | D:6      | Noticed Grinder
  6359 | D:6      | Paralysed by Grinder for 5 turns
  6373 | D:6      | Paralysed by Grinder for 4 turns
  6379 | D:6      | Paralysed by Grinder for 2 turns
  6396 | D:6      | Killed Grinder
  6585 | D:6      | Found a shattered altar of Ashenzari.
  6662 | D:6      | Reached skill level 5 in Invocations
  6830 | D:6      | Reached skill level 1 in Throwing
  7531 | D:7      | Found a sacrificial altar of Ru.
  7595 | D:7      | Noticed jepsan's ghost (novice MiGl)
  7632 | D:7      | Banished jepsan's ghost
  7632 | D:7      | Reached skill level 5 in Fighting
  7632 | D:7      | Reached XP level 9. HP: 26/74 MP: 11/13
  7719 | D:7      | Found a staircase to the Ecumenical Temple.
  8652 | D:8      | Noticed Maurice
  8664 | D:7      | Banished Maurice
  8733 | D:8      | Noticed a two-headed ogre
  8766 | D:7      | Banished a two-headed ogre
  9168 | D:8      | Reached skill level 1 in Evocations
  9241 | D:8      | Found a staircase to the Lair.
  9249 | D:8      | Reached XP level 10. HP: 83/83 MP: 15/15
  9351 | D:8      | Paralysed by a hornet for 1 turns
  9364 | D:8      | Paralysed by a hornet for 2 turns
 10173 | D:9      | Found Weazxal's Jewellery Emporium.
 10173 | D:9      | Noticed a cyclops
 10185 | D:9      | Killed a cyclops
 10317 | D:9      | Found Puxt's Armour Emporium.
 10500 | D:9      | Noticed Fymir27's ghost (novice DEWz)
 10512 | D:9      | Banished Fymir27's ghost
 10861 | D:9      | Killed Prince Ribbit
 11045 | D:9      | Found Huotiod's Gadget Shop.
 11193 | D:9      | Noticed Joseph
 11216 | D:9      | Killed Joseph
 11347 | D:9      | Found Kutwuekk's Distillery.
 11388 | D:9      | HP: 4/83 [poisoned by a gnoll sergeant]
 11712 | D:9      | Found Yposomix's General Store.
 12057 | D:9      | Noticed a two-headed ogre
 12061 | D:9      | Banished a two-headed ogre
 12097 | D:9      | Found a shattered altar of Ashenzari.
 12148 | D:9      | Noticed Pikel
 12161 | D:9      | Killed Pikel
 12469 | D:10     | Entered Level 10 of the Dungeon
 12469 | D:10     | Found a bloodstained altar of Trog.
 12616 | D:10     | Noticed Urug
 12632 | D:10     | Banished Urug
 13114 | D:10     | Found a staircase to the Orcish Mines.
 13611 | D:10     | Reached XP level 11. HP: 11/91 MP: 12/17
 14460 | D:10     | Noticed Fannar
 14472 | D:10     | Banished Fannar
 14952 | D:11     | Reached skill level 1 in Shields
 15023 | D:11     | Noticed a two-headed ogre
 15215 | D:11     | Killed a two-headed ogre
 15609 | D:11     | Noticed an unseen horror
 15660 | D:11     | Killed an unseen horror
 15966 | D:11     | Noticed a green ugly thing
 15977 | D:11     | Banished a green ugly thing
 16446 | D:12     | Noticed a four-headed hydra
 16447 | D:12     | Banished a four-headed hydra
 16479 | D:12     | Noticed a deep elf mage
 16527 | D:12     | Killed from afar by a gargoyle

Skill      XL: |  1  2  3  4  5  6  7  8  9 10 11 |
---------------+----------------------------------+-----
Axes           | 2 3 4 6 7 8 9 |  9.1
Dodging        | 1 2 |  2.0
Armour         | 2 3 4 5 6 8 9 |  9.2
Invocations    | 3 4 5 6 8 9 |  9.0
Fighting       | 4 5 6 7 |  7.2
Throwing       | 1 2 |  2.2
Evocations     | 1 |  1.2
Shields        | 2 |  2.0

Action                   |  1- 3 |  4- 6 |  7- 9 | 10-12 || total
-------------------------+-------+-------+-------+-------++-------
Melee: Hand axe          |    76 |   180 |   467 |   505 ||  1228
       Kick              |     9 |    45 |   118 |   134 ||   306
       Unarmed           |       |       |     8 |       ||     8
Throw: Javelin           |       |     1 |    19 |     6 ||    26
Invok: Depart the Abyss  |     1 |       |       |       ||     1
       Banish            |       |       |     5 |    14 ||    19
       Bend Space        |       |       |       |     1 ||     1
 Abil: Evoke Berserk Rag |       |       |     1 |     1 ||     2
  Use: Scroll            |     5 |     7 |     7 |     3 ||    22
       Potion            |       |     5 |     6 |     7 ||    18
 Stab: Distracted        |       |       |       |     1 ||     1
  Eat: Chunk             |       |     3 |    11 |     6 ||    20
       Ration            |       |     1 |     4 |     7 ||    12
Armor: Leather armour    |    16 |       |       |       ||    16
       Ring mail         |    67 |    38 |       |       ||   105
       Chain mail        |       |   115 |   168 |       ||   283
       Plate armour      |       |       |   170 |   485 ||   655
Dodge: Dodged            |    66 |    56 |   100 |    41 ||   263
Block: Shield            |       |       |       |   144 ||   144
